 Dungeon Crawl Stone Soup version 0.30-a0-918-g0ff054e9dc (webtiles) character file.

Game seed: 7625962933196113213

2331 NotreDorf the Magician (level 9, -1/68 HPs)
             Began as a Mummy Summoner on Mar 18, 2023.
             Killed from afar by a steam dragon (13 damage)
             ... with a ball of steam
             ... on level 6 of the Dungeon on Mar 20, 2023.
             The game lasted 00:41:41 (6395 turns).

NotreDorf the Magician (Mummy Summoner)             Turns: 6395, Time: 00:41:41

Health: -1/68      AC:  3    Str: 12    XL:     9   Next: 19%
Magic:  16/20      EV: 18    Int: 18    God:
Gold:   234        SH:  0    Dex: 12    Spells: 10/23 levels left

rFire   x . .      SeeInvis .    n - +4 glaive
rCold   + . .      Faith    +    (shield currently unavailable)
rNeg    + + +      Spirit   .    a - +0 robe
rPois   ∞          Reflect  .    (no helmet)
rElec   .          Rampage  .    (no cloak)
rCorr   .                        q - +0 pair of gloves
Will    ++...                    (no boots)
Stlth   ++                       (no amulet)
HPRegen 0.31/turn                v - ring of willpower
MPRegen 0.17/turn                u - +5 ring of evasion

@: no status effects
A: cold resistance 1, negative energy resistance 3, torment resistance 2, heat
vulnerability 1, in touch with death 1, no potions, faith
a: no special abilities


You were on level 6 of the Dungeon.
You visited 2 branches of the dungeon, and saw 7 of its levels.
You also visited: Ossuary.

You collected 234 gold pieces.

Inventory:

Hand Weapons
 j - a +2 short sword of venom
 n - a +4 glaive (weapon)
Missiles
 l - 14 poisoned darts
 w - a throwing net
Armour
 a - a +0 robe (worn)
 q - a +0 pair of gloves (worn)
Jewellery
 b - a +6 ring of strength
 h - a ring of fire
 u - a +5 ring of evasion (right hand)
 v - a ring of willpower (left hand)
Wands
 c - a wand of digging (12)
 t - a wand of polymorph (10)
Scrolls
 d - a scroll of butterflies {unknown}
 e - 4 scrolls of silence {unknown}
 f - 5 scrolls of identify {unknown}
 g - 6 scrolls of vulnerability {unknown}
 i - 3 scrolls of blinking {unknown}
 k - a scroll of torment {unknown}
 m - 2 scrolls of immolation {unknown}
 o - a scroll of teleportation {unknown}
 p - 3 scrolls of fear {unknown}
 r - 2 scrolls of fog {unknown}
 s - a scroll of magic mapping {unknown}


   Skills:
 + Level 5.4 Fighting
 + Level 5.1 Dodging
 - Level 1.5 Stealth
 + Level 7.5 Spellcasting
 + Level 3.4 Hexes
 + Level 5.9 Summonings


You had 10 spell levels left.
You knew the following spells:

 Your Spells              Type           Power      Damage    Failure   Level
a - Summon Small Mammal   Summ           100%       N/A       1%          1
b - Call Imp              Summ           28%        N/A       1%          2
c - Call Canine Familiar  Summ           28%        N/A       2%          3
d - Summon Guardian Gole  Hex/Summ       23%        N/A       4%          3
e - Summon Lightning Spi  Summ/Air       17%        N/A       30%         4

Your spell library contained the following spells:

 Spells                   Type           Power      Damage    Failure   Level
 Apportation              Tloc           12%        N/A       11%         1
 Necrotise                Necr           40%        1d6       11%         1
 Sandblast                Erth           12%        2d6       11%         1
 Passwall                 Tmut/Erth      5%         N/A       16%         2
 Scorch                   Fire           12%        2d5       16%         2
 Dazzling Flash           Conj/Hex       24%        N/A       16%         3
 Kindle Blastsparks       Fire/Tloc/Air  12%        2d11      30%         3
 Stone Arrow              Conj/Erth      12%        3d7       30%         3
 Fulminant Prism          Conj/Hex       6%         3d7       45%         4
 Flame Wave               Conj/Fire      6%         2d5       71%         4
 Iskenderun's Mystic Bla  Conj/Tloc      6%         2d4       71%         4
 Silence                  Hex/Air        6%         N/A       80%         5
 Summon Cactus Giant      Summ           14%        N/A       80%         6
 Agony                    Necr           10%        N/A       96%         5
 Lee's Rapid Deconstruct  Erth           3%         3d5*      96%         5


Dungeon Overview and Level Annotations

Branches:
Dungeon (6/15)             Temple (1/1) D:5         Ossuary (visited)

Altars:
Ashenzari
Cheibriados
Dithmenos
Fedhas
Nemelex Xobeh
Okawaru
Qazlal
Ru
Trog
Yredelemnul

Shops:
D:2 [

Annotations:
D:3 1 runed translucent door, Crazy Yiuf


Innate Abilities, Weirdness & Mutations

You are immune to poison.
Your flesh is cold resistant. (rC+)
You are immune to negative energy. (rN+++)
You are immune to unholy pain and torment.
You are vulnerable to heat. (rF-)
You are in touch with the powers of death.
You do not drink.
You have a special connection with the divine. (Faith)


Message History

The puff of frost hits the steam dragon!
Something bites your guardian golem! Something claws your guardian golem.
Your white imp hits the steam dragon.
Your white imp freezes the steam dragon.
What are your orders? t - Shout!
Orders for allies: a - Attack new target. p - Attack previous target. r - Retreat! s - Stop attacking. g - Guard the area. f - Follow me.
Anything else - Cancel.
Gang up on whom?
Press: ? - help, Dir - move target, f/p - steam dragon
Aim: a steam dragon (heavily wounded, ally target) Attack!
The steam dragon bites your guardian golem but does no damage.
The steam dragon claws your guardian golem but does no damage.
Your white imp hits the steam dragon but does no damage.
The steam dragon bites your guardian golem.
The steam dragon claws your guardian golem but does no damage.
Your white imp closely misses the steam dragon.
The steam dragon barely misses your guardian golem.
The steam dragon claws your guardian golem but does no damage.
Your white imp closely misses the steam dragon.
The steam dragon bites your guardian golem.
The steam dragon claws your guardian golem.
Your white imp hits the steam dragon.
Your white imp freezes the steam dragon.
The steam dragon breathes steam at you.
The ball of steam hits your guardian golem.
Your guardian golem resists.
The ball of steam misses you.
There is a stone staircase leading down here.
You see here a hound corpse.
Your guardian golem overheats!
The steam dragon breathes steam at you.
The ball of steam hits your guardian golem!
Your guardian golem resists.
Flame seeps out of your guardian golem. The ball of steam hits you!
The steam scalds you terribly!
You die...

..###.##.# ..# #.##.# !.# #.##.#
..# #<##.## #.. ..#
#.##..######### #.# ..#
#....#....§D§.######.#### ..#
#.##...######D§.5D....D.J ..#
#.##..D#############)####
..###<##..5§D9§§@..#####.#
..........########..†..#.######.
...##.###.############..........
..............5......###.#######
..>#################.>...# ####
#######


There were no monsters in sight!

Vanquished Creatures
  A wraith (Ossuary)
  A black bear (D:5)
  An ogre (D:5)
  A phantom (D:5)
  2 bullfrogs (D:6)
  A gnoll sergeant (D:6)
  3 scorpions
  A hound (D:6)
  Ijyb (D:3)
  A sleepcap (D:4)
  3 mummies (Ossuary)
  A gnoll (D:5)
  2 adders
  2 worms
  3 orcs
  A bat (D:1)
  An endoplasm (D:2)
  A giant cockroach (D:2)
  A gnoll zombie (Ossuary)
  2 goblins (D:2)
  4 hobgoblins
  3 jackals
  A ball python (D:1)
  2 frilled lizards
  A goblin zombie (Ossuary)
  A hobgoblin zombie (Ossuary)
  4 kobolds
  2 kobold zombies (Ossuary)
  An orc zombie (Ossuary)
  A rat (D:1)
50 creatures vanquished.

Vanquished Creatures (collateral kills)
  A water moccasin (D:5)
  An ice beast (D:5)
  A phantom (D:5)
  A scorpion (D:6)
  A howler monkey (D:5)
  2 hounds
  3 jellies
  2 sleepcaps
  2 iguanas
  2 orc wizards
  3 gnolls (D:5)
  7 adders
  2 worms (D:2)
  A dart slug (D:2)
  3 orcs (D:3)
  4 ball pythons (D:2)
  2 giant cockroaches
  4 hobgoblins
  4 jackals
  A quokka (D:5)
  3 bats (D:1)
  2 goblins
  A goblin zombie (Ossuary)
  A hobgoblin zombie (Ossuary)
  2 kobolds
  A kobold zombie (Ossuary)
  An orc zombie (Ossuary)
  3 rats
61 creatures vanquished.

Vanquished Creatures (others)
  Pikel (D:6)
  A steam dragon (D:6)
  A lemure (D:6)
  A goblin (D:2)
  A rat (D:2)
5 creatures vanquished.

Grand Total: 116 creatures vanquished

Notes
Turn   | Place    | Note
-------+----------+-------------------------------------------
     0 | D:1      | NotreDorf the Mummy Summoner began the quest for the Orb.
     0 | D:1      | Reached XP level 1. HP: 13/13 MP: 4/4
    66 | D:1      | Found a faded altar of an unknown god.
   292 | D:1      | You fall into a shaft and drop 1 floor!
   320 | D:2      | Reached skill level 3 in Spellcasting
   320 | D:2      | Reached XP level 2. HP: 19/19 MP: 3/6
   923 | D:1      | Learned a level 2 spell: Call Imp
  1049 | D:2      | Gained mutation: You are in touch with the powers of death.
                  | [Mummy growth]
  1049 | D:2      | Reached XP level 3. HP: 24/24 MP: 1/7
  1135 | D:2      | Found Amenito's Antique Armour Boutique.
  1141 | D:2      | Identified the +0 ring mail "Tiaqaerush" {rF+}
  1282 | D:2      | Found a bloodstained altar of Trog.
  1851 | D:2      | Learned a level 3 spell: Call Canine Familiar
  2047 | D:3      | Reached skill level 1 in Fighting
  2050 | D:3      | Reached XP level 4. HP: 11/32 MP: 2/9
  2289 | D:3      | Noticed Ijyb
  2301 | D:3      | Killed Ijyb
  2368 | D:3      | Found a runed translucent door.
  2369 | D:3      | Noticed Crazy Yiuf
  2403 | D:3      | Learned a level 3 spell: Summon Guardian Golem
  2505 | D:4      | Reached skill level 4 in Spellcasting
  2632 | D:4      | Reached XP level 5. HP: 38/38 MP: 7/11
  2704 | D:4      | Found a sand-covered staircase.
  2711 | Ossuary  | Entered an ossuary
  2711 | Ossuary  | Noticed a wraith
  2711 | Ossuary  | Noticed a wraith
  2711 | Ossuary  | Noticed a wraith
  3046 | Ossuary  | Noticed a wraith
  3048 | Ossuary  | Killed a wraith
  3049 | Ossuary  | Reached XP level 6. HP: 39/46 MP: 11/13
  3369 | D:4      | Found a broken altar of Ashenzari.
  3768 | D:4      | Found a shadowy altar of Dithmenos.
  3826 | D:4      | Reached skill level 5 in Spellcasting
  3953 | D:5      | Entered Level 5 of the Dungeon
  3969 | D:5      | Reached XP level 7. HP: 52/52 MP: 7/14
  4306 | D:5      | Found a staircase to the Ecumenical Temple.
  4312 | Temple   | Entered the Ecumenical Temple
  4313 | Temple   | Upgraded the game from 0.30-a0-900-g23479c02f2 to
                  | 0.30-a0-918-g0ff054e9dc
  4511 | D:5      | Found a stormy altar of Qazlal.
  4511 | D:5      | Noticed a water elemental
  4516 | D:5      | Noticed an air elemental
  4523 | D:5      | Noticed a fire elemental
  4694 | D:5      | Found a sacrificial altar of Ru.
  4868 | D:5      | Reached skill level 6 in Spellcasting
  4868 | D:5      | Reached skill level 1 in Hexes
  4868 | D:5      | Reached skill level 5 in Summonings
  5076 | D:5      | Reached XP level 8. HP: 60/60 MP: 11/17
  5555 | D:5      | Learned a level 4 spell: Summon Lightning Spire
  5646 | D:6      | Noticed Pikel
  5689 | D:6      | Killed Pikel
  5690 | D:6      | Reached skill level 5 in Fighting
  5690 | D:6      | Reached skill level 7 in Spellcasting
  5915 | D:6      | Reached XP level 9. HP: 11/68 MP: 15/19
  5962 | D:6      | Reached skill level 5 in Dodging
  6395 | D:6      | Killed from afar by a steam dragon

Illustrated notes

Levels and vault maps discovered:
D:1:      scummos_arrival_simple_fountains, layout_basic,
          shapermc_ecumenical_altar_pompeii, roderic_roman_lattice
D:2:      layout_basic, basic_altar, serial_curves, eino_curves_03,
          eino_curves_03, serial_shops, nicolae_square_shop
D:3:      layout_rooms, uniq_crazy_yiuf_cottage, uniq_ijyb
D:4:      layout_basic, zin_statuary, mainiacjoe_overflow_alcove_4,
          lemuel_doored_altar, chequers_ossuary_entry_cave
D:5:      layout_gridville, marbit_many_paths, nicolae_qazlal_style_of_elements,
          minmay_temple_entry_glassed_door, minmay_increasing_density
D:6:      minmay_skewed_foursquare, layout_loops_ring,
          nicolae_overflow_crystal_walls, lemuel_coloured_pillars_altar,
          uniq_blork_the_orc, uniq_pikel
Temple:   nicolae_temple_ecumenical_triangle

Skill      XL: |  1  2  3  4  5  6  7  8  9 |
---------------+----------------------------+-----
Spellcasting   | 3 4 5 6 7 |  7.5
Dodging        | 2 3 4 5 |  5.1
Fighting       | 1 2 3 4 5 |  5.4
Summonings     | 4 5 |  5.9
Hexes          | 1 3 |  3.4
Stealth        | |  1.5

Action                     |  1- 3 |  4- 6 |  7- 9 || total
---------------------------+-------+-------+-------++-------
  Melee: Club              |    40 |       |       ||    40
         Unarmed           |     3 |       |       ||     3
         Short sword       |    19 |       |       ||    19
         Glaive            |     5 |    43 |    66 ||   114
   Cast: Summon Small Mamm |    43 |    18 |    19 ||    80
         Call Imp          |    11 |    10 |    25 ||    46
         Call Canine Famil |     1 |     6 |    20 ||    27
         Summon Guardian G |       |       |     5 ||     5
   Stab: Distracted        |     1 |     1 |     2 ||     4
         Sleeping          |       |     4 |     1 ||     5
 Armour: Robe              |    18 |     2 |    13 ||    33
  Dodge: Dodged            |    50 |    22 |    73 ||   145

Table legend: (Time is in decaauts)
 A = Elapsed time spent in this place.
 B = Non-inter-level travel time spent in this place.
 C = Inter-level travel time spent in this place.
 D = Time resting spent in this place.
 E = Time spent auto-exploring this place.
 F = Levels seen in this place.
 G = Mean time per level.
                   A        B        C        D        E       F      G
               +--------+--------+--------+--------+--------+-----+--------+
         Total |   6486 |   6320 |    166 |     12 |   4850 |   8 |  810.8 |
       Dungeon |   5931 |   5769 |    162 |     12 |   4461 |   6 |  988.5 |
        Temple |     50 |     46 |      4 |      0 |      0 |   1 |   50.0 |
       Ossuary |    504 |    504 |      0 |      0 |    389 |   1 |  504.0 |
               +--------+--------+--------+--------+--------+-----+--------+

Top non-repeatable levels by time:
     D:5: 1609 daAuts
     D:4: 1040 daAuts
     D:2: 1027 daAuts
     D:1: 905 daAuts
     D:6: 830 daAuts
     D:3: 517 daAuts
 Ossuary: 504 daAuts
  Temple: 50 daAuts
